cohdb
Replays
Latest Replays
All Replays
Popular Replays
Top Player Replays
Match Explorer
How It Works
Community
CoH3 Stats
Reddit
Sign in to upload your games and track your stats! →
Sign in with Steam
Match 41547250
Unlisted
Match 41547250
Overview
Messages
Build Orders
End
Construct Barracks
Construct Barracks
M1 Mortar Team
Riflemen Squad
Selects Armored Battlegroup
Riflemen Squad
Infantry Support Center
Riflemen Squad
Grenade Package
Munitions Surplus
M1918 Browning Automatic Rifles
Riflemen Squad
Survival Training
Captain Retinue
Selects Veteran Crews
Selects M31 Recovery Vehicle
Selects Strength in Steel
Selects M8 Scott SPG
Construct Tank Depot
Selects UNKNOWN (2160077)
塔露rua
Take care of yourself
天凉好个秋
Hasuu
DaRtH VaDeRX2020
Lero
majintal excumuration
el campo
0
0
Comments
sign in to comment!
No comments posted yet!